 Dungeon Crawl Stone Soup version 0.30-a0-6-g7c9e10e132 (webtiles) character file.

Game seed: 912628187651376652

30 drpainis the Sneak (level 3, 0/16 HPs)
             Began as a Spriggan Enchanter on Aug 22, 2022.
             Was a Follower of Wu Jian.
             Slain by an adder (3 damage)
             ... on level 2 of the Dungeon.
             The game lasted 00:03:34 (1962 turns).

drpainis the Sneak (Spriggan Enchanter)             Turns: 1962, Time: 00:03:34

Health: 0/16       AC:  2    Str:  4    XL:     3   Next: 5%
Magic:  1/8        EV: 17    Int: 18    God:    Wu Jian [*.....]
Gold:   33         SH:  0    Dex: 15    Spells: 2/7 levels left

rFire   . . .      SeeInvis +    a - +1 dagger
rCold   . . .      Faith    .    (no shield)
rNeg    . . .      Spirit   .    b - +0 robe
rPois   .          Reflect  .    (helmet restricted)
rElec   .          Harm     .    (no cloak)
rCorr   .          Rampage  .    (gloves unavailable)
Will    .....                    (boots unavailable)
Stlth   +++.......               (no amulet)
HPRegen 0.05/turn                l - ring of wizardry
MPRegen 0.11/turn                (no ring)

@: very quick
A: very small, no large weapons, unfitting armour, see invisible, speed 3
a: Renounce Religion


You were on level 2 of the Dungeon.
You worshipped Wu Jian.
Wu Jian was aware of your devotion.
You visited 1 branch of the dungeon, and saw 2 of its levels.

You collected 33 gold pieces.

Inventory:

Hand Weapons
 a - a +1 dagger (weapon)
Armour
 b - a +0 robe (worn)
 e - a +0 pair of gloves
Jewellery
 l - a ring of wizardry (left hand)
Scrolls
 d - a scroll of summoning {unknown}
 f - 3 scrolls of identify {unknown}
 h - a scroll of magic mapping {unknown}
 i - a scroll of blinking {unknown}
 m - 3 scrolls of noise {unknown}
Potions
 c - 2 potions of invisibility
 g - a potion of brilliance {unknown}
 j - a potion of lignification {unknown}
 k - a potion of flight {unknown}


   Skills:
 + Level 0.3 Fighting
 + Level 1.3 Short Blades
 + Level 2.9 Dodging
 + Level 5.1 Stealth
 + Level 2.7 Spellcasting
 + Level 4.3 Hexes


You had 2 spell levels left.
You knew the following spells:

 Your Spells              Type           Power      Damage    Failure   Level
a - Ensorcelled Hibernat  Hex/Ice        20%        N/A       4%          2
b - Confusing Touch       Hex            18%        N/A       3%          3

Your spell library contained the following spells:

 Spells                   Type           Power      Damage    Failure   Level
 Tukima's Dance           Hex            18%        N/A       3%          3
 Dazzling Flash           Conj/Hex       20%        N/A       9%          3


Dungeon Overview and Level Annotations

Branches:
Dungeon (2/15)

Altars:
Wu Jian

Annotations:
D:2 Natasha


Innate Abilities, Weirdness & Mutations

You are very small and have problems with some larger weapons.
You are too small for most types of armour.
You have supernaturally acute eyesight. (SInv)
You cover ground extremely quickly. (Speed+++)


Message History

Confirm with . or Enter, or press ? or * to list all spells.
You don't have enough magic to cast this spell.
Unknown command.
The bat attacks as you move away! The bat hits you. The bat misses you.
Casting: Ensorcelled Hibernation (safe; 4% risk of failure)
Confirm with . or Enter, or press ? or * to list all spells.
Aiming: Ensorcelled Hibernation (safe; 4% risk of failure)
Press: ? - help, Shift-Dir - straight line, f/p - hobgoblin
Aim: a hobgoblin (lightly wounded, chance to affect: 62%)
The bat looks drowsy...
You lunge at the bat, but your attack speed is too slow for a blow to land.
The bat hits you but does no damage. The bat hits you.
* * * LOW HITPOINT WARNING * * *
You hit the bat. You punch the bat.
The bat is severely wounded.
The bat closely misses you. The bat misses you. The bat closely misses you.
A bat comes into view.
The bat moves out of view.
Found 11 gold pieces.
An adder comes into view.
Found a triangular steel amulet.
You lunge at the bat.
The adder hisses angrily.
You hit the bat.
The bat is heavily wounded.
The bat hits you.
* * * LOW HITPOINT WARNING * * *
The bat misses you.
Natasha, Servant of Life and Death comes into view.
Found a scroll labelled WACADESS QEFI and a clear potion.
You spin to attack the bat, but your attack speed is too slow for a blow to land.
Found a murky pink potion.
You spin to attack the bat, but your attack speed is too slow for a blow to land.
The bat barely misses you.
A rat comes into view.
Found 17 gold pieces.
Found a stone staircase leading up.
Found a spear.
You spin to attack the bat, but your attack speed is too slow for a blow to land.
The bat barely misses you. The bat hits you but does no damage.
The adder bites you.
You die...

.. # .# .#
..#####.#.
###!#....)..
.."..?r...# #.#.h.
..# #.####...###.#
#..!...@.....##
######Sbb.....# ..
###...#..#.#..# ..
.........# .. $
##. ####.###.# ..<
.. #.... ##g+ ..
#. #####.#####..#
.
#.###......b..g.##
#.)#..####.######


You could see Natasha (asleep), an adder, a hobgoblin, 2 bats and a rat
(asleep).

Vanquished Creatures
  4 bats (D:1)
  5 endoplasms (D:1)
  4 hobgoblins (D:1)
  3 jackals (D:1)
  3 kobolds
  A quokka (D:1)
  2 ball pythons
  A frilled lizard (D:1)
  3 rats (D:1)
26 creatures vanquished.

Vanquished Creatures (others)
  2 fungi
  3 plants (D:1)
5 creatures vanquished.

Grand Total: 31 creatures vanquished

Notes
Turn   | Place    | Note
-------+----------+-------------------------------------------
     0 | D:1      | drpainis the Spriggan Enchanter began the quest for the
                  | Orb.
     0 | D:1      | Reached XP level 1. HP: 9/9 MP: 5/5
   189 | D:1      | Reached XP level 2. HP: 10/13 MP: 6/6
  1007 | D:1      | Found a faded altar of an unknown god.
  1035 | D:1      | Prayed at the altar of an unknown god.
  1035 | D:1      | Became a worshipper of the Wu Jian Council
  1035 | D:1      | Reached * piety under Wu Jian
  1513 | D:1      | Learned a level 2 spell: Ensorcelled Hibernation
  1762 | D:1      | Reached skill level 5 in Stealth
  1831 | D:1      | Reached XP level 3. HP: 16/16 MP: 8/8
  1911 | D:1      | Learned a level 3 spell: Confusing Touch
  1958 | D:2      | Noticed Natasha
  1962 | D:2      | Slain by an adder

Illustrated notes

Levels and vault maps discovered:
D:1:      evilmike_arrival_plus, layout_loops_corners,
          shapermc_ecumenical_altar_mp_ritualfount, minmay_pentomino_s4
D:2:      layout_rooms, serial_shops, shop_fountains, nicolae_shop_behind_doors,
          uniq_crazy_yiuf_cottage, uniq_natasha

Skill      XL: |  1  2 |
---------------+-------+-----
Hexes          | 4 |  4.3
Stealth        | 5 |  5.1
Fighting       | |  0.3
Short Blades   | |  1.3
Dodging        | |  2.9
Spellcasting   | |  2.7

Action                   || total
-------------------------++-------
Melee: Dagger            ||   110
       Punch             ||     1
 Cast: Ensorcelled Hiber ||     6
Invok: Lunge             ||     4
       Whirlwind         ||     4
 Stab: Sleeping          ||     8
Armor: Robe              ||    22
Dodge: Dodged            ||   117

Table legend: (Time is in decaauts)
 A = Elapsed time spent in this place.
 B = Non-inter-level travel time spent in this place.
 C = Inter-level travel time spent in this place.
 D = Time resting spent in this place.
 E = Time spent auto-exploring this place.
 F = Levels seen in this place.
 G = Mean time per level.
                   A        B        C        D        E       F      G
               +--------+--------+--------+--------+--------+-----+--------+
         Total |   1577 |   1573 |      4 |    340 |    953 |   2 |  788.5 |
       Dungeon |   1577 |   1573 |      4 |    340 |    953 |   2 |  788.5 |
               +--------+--------+--------+--------+--------+-----+--------+

Top non-repeatable levels by time:
     D:1: 1544 daAuts
     D:2: 33 daAuts
